NYP
CINCINNATI (NYP) REDS @ HILLSBORO HOPS
07/01/2047
 
TOP OF THE 1ST
Cincinnati (NYP) Reds batting - Pitching for Hillsboro Hops : RHP Jake Priest
Pitching: RHP Jake Priest
Batting: RHB Cyd Carver 0-0: Ball
1-0: Swinging Strike
1-1: Foul Ball, location: 2F
1-2: Foul Ball, location: 2F
1-2: Strikes out swinging
Batting: RHB Sang-ton Pak 0-0: Ground out 3-1 (Groundball, 34S, EV 91.2 MPH)
Batting: LHB Matt Kennedy 0-0: Ball
1-0: Ground out 5-3 (Groundball, 56, EV 91.2 MPH)
Top of the 1st over - 0 runs, 0 hits, 0 errors, 0 left on base; Cincinnati (NYP) 0 - Hillsboro 0
BOTTOM OF THE 1ST
Hillsboro Hops batting - Pitching for Cincinnati (NYP) Reds : RHP Jose Marrero
Pitching: RHP Jose Marrero
Batting: RHB Nelson Ozuna 0-0: Called Strike
0-1: Called Strike
0-2: Foul Ball, location: 2F
0-2: Ball
1-2: Foul Ball, location: 2F
1-2: SINGLE (Groundball, 56D, EV 100.0 MPH)
Batting: RHB Armando Estrada 0-0: DOUBLE (Line Drive, 5D, EV 99.4 MPH)
Nelson Ozuna to third
Runner from 3rd tries for Home, SAFE, throw by LF to home
Batting: RHB Danny Loyola 0-0: Ball
1-0: Ball
2-0: Foul Ball, location: 2F
2-1: Ball
3-1: Foul Ball, location: 2F
3-2: Strikes out swinging
Batting: RHB Terry Jarrells 0-0: Ball
1-0: Ball
2-0: Ground out 4-3 (Groundball, 4S, EV 81.9 MPH)
Armando Estrada to third
Batting: RHB Matt Black 0-0: Ball
1-0: Called Strike
1-1: Swinging Strike
1-2: Strikes out swinging
Bottom of the 1st over - 1 run, 2 hits, 0 errors, 1 left on base; Cincinnati (NYP) 0 - Hillsboro 1
TOP OF THE 2ND
Cincinnati (NYP) Reds batting - Pitching for Hillsboro Hops : RHP Jake Priest
Batting: LHB Leo Gomez 0-0: Ball
1-0: Ball
2-0: Ball
3-0: Foul Ball, location: 2F
3-1: Ground out 1-3 (Groundball, 13, EV 72.5 MPH)
Batting: SHB Kristian Kristensen 0-0: Ball
1-0: Swinging Strike
1-1: Ball
2-1: Ball
3-1: Base on Balls
Batting: LHB Brian Dickeson 0-0: Ball
1-0: Called Strike
1-1: SINGLE (Groundball, P, EV 90.6 MPH) (infield hit)
Kristian Kristensen to second
Batting: RHB Jake Savell 0-0: Ball
1-0: Foul Ball, location: 2F
1-1: Ball
2-1: SINGLE (Line Drive, 8RS, EV 88.1 MPH)
Kristian Kristensen to third
Brian Dickeson to second
Batting: RHB Tim Walter 0-0: Called Strike
0-1: Ball
1-1: Fly out, F8 (Flyball, 8RD, EV 100.6 MPH)
Batting: RHB John Hopkins 0-0: Swinging Strike
0-1: Foul Ball, location: 2F
0-2: Ball
1-2: Fly out, F3 (Line Drive, 3, EV 72.5 MPH)
Top of the 2nd over - 0 runs, 2 hits, 0 errors, 3 left on base; Cincinnati (NYP) 0 - Hillsboro 1
BOTTOM OF THE 2ND
Hillsboro Hops batting - Pitching for Cincinnati (NYP) Reds : RHP Jose Marrero
Batting: RHB Sean Tanner 0-0: Ball
1-0: Foul Ball, location: 2F
1-1: Ball
2-1: Ball
3-1: Base on Balls
Batting: RHB Chris McGrath 0-0: Ball
1-0: TRIPLE (Flyball, 8RXD, EV 93.1 MPH)
Sean Tanner scores
Batting: RHB Dwane Reed 0-0: Ball
1-0: Ball
2-0: Ball
3-0: Fly out, F7 (Flyball, 7, EV 95.0 MPH)
Batting: RHB Daniel Rivera 0-0: Called Strike
0-1: Ball
1-1: Ball
2-1: Swinging Strike
2-2: Ball
3-2: Reached via error on a dropped throw from 1B, E1 (Groundball, 13, EV 83.8 MPH)
Chris McGrath scores
Batting: RHB Nelson Ozuna 0-0: Ball
1-0: Foul Ball, location: 2F
Pickoff Throw to First - Out! 1-3 CS
1-1: Foul Ball, location: 2F
1-2: Ball
2-2: Ball
3-2: Base on Balls
Batting: RHB Armando Estrada Balk!
Nelson Ozuna to second
0-0: Swinging Strike
0-1: Foul Ball, location: 2F
0-2: Ball
1-2: TRIPLE (Flyball, 9D, EV 103.1 MPH)
Nelson Ozuna scores
Pinch Runner at 3rd Longfellow Wetzler:
Batting: RHB Danny Loyola 0-0: Called Strike
0-1: Foul Ball, location: 2F
0-2: Foul Ball, location: 2F
0-2: Fly out, F7 (Flyball, 7S, EV 79.4 MPH)
Bottom of the 2nd over - 3 runs, 2 hits, 1 error, 1 left on base; Cincinnati (NYP) 0 - Hillsboro 4
TOP OF THE 3RD
Cincinnati (NYP) Reds batting - Pitching for Hillsboro Hops : RHP Jake Priest
Now in CF: Longfellow Wetzler
Batting: RHB Cyd Carver 0-0: Called Strike
0-1: Foul Ball, location: 2F
0-2: Foul Ball, location: 2F
0-2: Foul Ball, location: 2F
0-2: Strikes out swinging
Batting: RHB Sang-ton Pak 0-0: Foul Ball, location: 2F
0-1: Swinging Strike
0-2: Foul Ball, location: 2F
0-2: Ball
1-2: Strikes out swinging
Batting: LHB Matt Kennedy 0-0: Called Strike
0-1: Called Strike
0-2: Ball
1-2: Foul Ball, location: 2F
1-2: Ball
2-2: Ball
3-2: Base on Balls
Batting: LHB Leo Gomez 0-0: Called Strike
0-1: Ball
1-1: Foul Ball, location: 2F
1-2: Fly out, F7 (Flyball, 78M, EV 89.4 MPH)
Top of the 3rd over - 0 runs, 0 hits, 0 errors, 1 left on base; Cincinnati (NYP) 0 - Hillsboro 4
BOTTOM OF THE 3RD
Hillsboro Hops batting - Pitching for Cincinnati (NYP) Reds : RHP Jose Marrero
Batting: RHB Terry Jarrells 0-0: Called Strike
0-1: Called Strike
0-2: Ball
1-2: Strikes out swinging
Batting: RHB Matt Black 0-0: Ball
1-0: Ball
2-0: Foul Ball, location: 2F
2-1: DOUBLE (Line Drive, 78M, EV 105.6 MPH)
Batting: RHB Sean Tanner 0-0: Called Strike
0-1: Swinging Strike
0-2: Ball
1-2: Ball
2-2: Ground out 6-3 (Groundball, 6S, EV 91.2 MPH)
Batting: RHB Chris McGrath 0-0: Called Strike
0-1: Ball
1-1: Fly out, F8 (Flyball, 8LXD, EV 97.5 MPH)
Bottom of the 3rd over - 0 runs, 1 hit, 0 errors, 1 left on base; Cincinnati (NYP) 0 - Hillsboro 4
TOP OF THE 4TH
Cincinnati (NYP) Reds batting - Pitching for Hillsboro Hops : RHP Jake Priest
Batting: SHB Kristian Kristensen 0-0: Ball
1-0: TRIPLE (Flyball, 8LXD, EV 100.6 MPH)
Batting: LHB Brian Dickeson 0-0: Foul Ball, location: 2F
0-1: Swinging Strike
0-2: Ball
Wild Pitch!
Kristian Kristensen scores
1-2: Ball
2-2: Ground out 6-3 (Groundball, 6, EV 83.8 MPH)
Batting: RHB Jake Savell 0-0: DOUBLE (Groundball, 5L, EV 102.5 MPH)
Batting: RHB Tim Walter 0-0: Ball
Jake Savell steals 3rd base
1-0: Ground out 4-3 (Groundball, 4M, EV 110.6 MPH)
Jake Savell scores
Batting: RHB John Hopkins 0-0: Ball
1-0: Ball
2-0: Called Strike
2-1: Called Strike
2-2: Strikes out swinging
Top of the 4th over - 2 runs, 2 hits, 0 errors, 0 left on base; Cincinnati (NYP) 2 - Hillsboro 4
BOTTOM OF THE 4TH
Hillsboro Hops batting - Pitching for Cincinnati (NYP) Reds : RHP Jose Marrero
Batting: RHB Dwane Reed 0-0: Called Strike
0-1: Foul Ball, location: 2F
0-2: Foul Ball, location: 2F
0-2: Ball
1-2: Foul Ball, location: 2F
1-2: Ball
2-2: Foul Ball, location: 2F
2-2: Strikes out swinging
Batting: RHB Daniel Rivera 0-0: Called Strike
0-1: Ball
1-1: Foul Ball, location: 2F
1-2: Strikes out swinging
Batting: RHB Nelson Ozuna 0-0: Fly out, F4 (Popup, 4M, EV 59.4 MPH)
Bottom of the 4th over - 0 runs, 0 hits, 0 errors, 0 left on base; Cincinnati (NYP) 2 - Hillsboro 4
TOP OF THE 5TH
Cincinnati (NYP) Reds batting - Pitching for Hillsboro Hops : RHP Jake Priest
Batting: RHB Cyd Carver 0-0: Called Strike
0-1: Ground out 4-3 (Groundball, 4MD, EV 108.8 MPH)
Batting: RHB Sang-ton Pak 0-0: Foul Ball, location: 2F
0-1: Foul Ball, location: 2F
0-2: Ball
1-2: Ball
2-2: Fly out, F8 (Line Drive, 8RD, EV 90.0 MPH)
Now in CF: Ryuki Ogasawara
Batting: LHB Matt Kennedy 0-0: Foul Ball, location: 2F
0-1: Ball
1-1: Ball
2-1: Ground out 4-3 (Groundball, 4, EV 86.2 MPH)
Top of the 5th over - 0 runs, 0 hits, 0 errors, 0 left on base; Cincinnati (NYP) 2 - Hillsboro 4
BOTTOM OF THE 5TH
Hillsboro Hops batting - Pitching for Cincinnati (NYP) Reds : RHP Jose Marrero
Batting: RHB Ryuki Ogasawara 0-0: Foul Ball, location: 2F
0-1: Foul Ball, location: 2F
0-2: Ball
1-2: Strikes out swinging
Batting: RHB Danny Loyola 0-0: Ball
1-0: Ball
2-0: Foul Ball, location: 2F
2-1: Ball
3-1: Fly out, F6 (Popup, 6, EV 77.5 MPH)
Batting: RHB Terry Jarrells 0-0: Ball
1-0: Foul Ball, location: 2F
1-1: Ball
2-1: Fly out, F7 (Flyball, 7S, EV 85.6 MPH)
Bottom of the 5th over - 0 runs, 0 hits, 0 errors, 0 left on base; Cincinnati (NYP) 2 - Hillsboro 4
TOP OF THE 6TH
Cincinnati (NYP) Reds batting - Pitching for Hillsboro Hops : RHP Jake Priest
Batting: LHB Leo Gomez 0-0: Called Strike
0-1: Called Strike
0-2: Strikes out looking
Batting: SHB Kristian Kristensen 0-0: Ball
1-0: Ball
2-0: Ball
3-0: Base on Balls
Batting: LHB Brian Dickeson 0-0: Foul Ball, location: 2F
0-1: Ball
1-1: Called Strike
1-2: Strikes out swinging
Batting: RHB Jake Savell 0-0: Ball
1-0: 2-RUN HOME RUN (Flyball, 9LD, EV 97.5 MPH), Distance : 366 ft
Batting: RHB Tim Walter 0-0: Swinging Strike
0-1: Ball
1-1: Ball
2-1: Ball
3-1: Called Strike
3-2: Foul Ball, location: 2F
3-2: Base on Balls
Pitching: RHP Addick Huiberts
Batting: RHB John Hopkins 0-0: Foul Ball, location: 2F
0-1: Ball
1-1: Called Strike
1-2: Strikes out swinging
Top of the 6th over - 2 runs, 1 hit, 0 errors, 1 left on base; Cincinnati (NYP) 4 - Hillsboro 4
BOTTOM OF THE 6TH
Hillsboro Hops batting - Pitching for Cincinnati (NYP) Reds : RHP Jose Marrero
Batting: RHB Matt Black 0-0: Foul Ball, location: 2F
0-1: Swinging Strike
0-2: Strikes out looking
Pitching: LHP Jeff Wall
Batting: RHB Sean Tanner 0-0: SINGLE (Line Drive, 5D, EV 100.6 MPH)
Batting: RHB Chris McGrath 0-0: Called Strike
0-1: Ball
1-1: Ball
2-1: Foul Ball, location: 2F
2-2: Ball
3-2: Strikes out swinging
Batting: RHB Dwane Reed 0-0: Ball
1-0: Fly out, F8 (Line Drive, 8RM, EV 87.5 MPH)
Bottom of the 6th over - 0 runs, 1 hit, 0 errors, 1 left on base; Cincinnati (NYP) 4 - Hillsboro 4
TOP OF THE 7TH
Cincinnati (NYP) Reds batting - Pitching for Hillsboro Hops : RHP Addick Huiberts
Batting: RHB Cyd Carver 0-0: Swinging Strike
0-1: Swinging Strike
0-2: Strikes out looking
Batting: RHB Sang-ton Pak 0-0: Ball
1-0: Ball
2-0: Ball
3-0: Base on Balls
Batting: LHB Matt Kennedy 0-0: Called Strike
Sang-ton Pak steals 2nd base
0-1: Ball
1-1: Foul Ball, location: 2F
1-2: Foul Ball, location: 2F
1-2: Strikes out looking
Batting: LHB Leo Gomez 0-0: Ball
Wild Pitch!
Sang-ton Pak to third
1-0: Swinging Strike
1-1: Ball
2-1: Ball
Wild Pitch!
Sang-ton Pak scores
3-1: Swinging Strike
3-2: Strikes out looking
Top of the 7th over - 1 run, 0 hits, 0 errors, 0 left on base; Cincinnati (NYP) 5 - Hillsboro 4
BOTTOM OF THE 7TH
Hillsboro Hops batting - Pitching for Cincinnati (NYP) Reds : LHP Jeff Wall
Batting: RHB Daniel Rivera 0-0: Ball
1-0: Swinging Strike
1-1: Swinging Strike
1-2: Ball
2-2: Ground out 6-3 (Groundball, 6, EV 78.1 MPH)
Batting: RHB Nelson Ozuna 0-0: Ball
1-0: Called Strike
1-1: Foul Ball, location: 2F
1-2: Ball
2-2: Ground out 5-3 (Groundball, 56S, EV 75.6 MPH)
Batting: RHB Ryuki Ogasawara 0-0: Ground out 4-3 (Groundball, 4D, EV 103.8 MPH)
Bottom of the 7th over - 0 runs, 0 hits, 0 errors, 0 left on base; Cincinnati (NYP) 5 - Hillsboro 4
TOP OF THE 8TH
Cincinnati (NYP) Reds batting - Pitching for Hillsboro Hops : RHP Addick Huiberts
Batting: SHB Kristian Kristensen 0-0: Called Strike
0-1: Called Strike
0-2: Fly out, F5 (Popup, 5S, EV 83.1 MPH)
Batting: LHB Brian Dickeson 0-0: Called Strike
0-1: Foul Ball, location: 2F
0-2: Foul Ball, location: 2F
0-2: Foul Ball, location: 2F
0-2: Strikes out swinging
Batting: RHB Jake Savell 0-0: Called Strike
0-1: Ball
1-1: Swinging Strike
1-2: Foul Ball, location: 2F
1-2: Foul Ball, location: 2F
1-2: SOLO HOME RUN (Flyball, 9LD, EV 98.8 MPH), Distance : 354 ft
Batting: RHB Tim Walter 0-0: Foul Ball, location: 2F
0-1: Ball
1-1: Foul Ball, location: 2F
1-2: SINGLE (Groundball, 6D, EV 94.4 MPH)
Batting: RHB John Hopkins 0-0: Called Strike
0-1: Called Strike
0-2: Strikes out looking
Top of the 8th over - 1 run, 2 hits, 0 errors, 1 left on base; Cincinnati (NYP) 6 - Hillsboro 4
BOTTOM OF THE 8TH
Hillsboro Hops batting - Pitching for Cincinnati (NYP) Reds : LHP Jeff Wall
Batting: RHB Danny Loyola 0-0: Called Strike
0-1: Foul Ball, location: 2F
0-2: SOLO HOME RUN (Flyball, 9D, EV 97.5 MPH), Distance : 402 ft
Batting: RHB Terry Jarrells 0-0: Ball
1-0: Foul Ball, location: 2F
1-1: Swinging Strike
1-2: Strikes out looking
Batting: RHB Matt Black 0-0: Ball
1-0: Ground out 4-3 (Groundball, 4, EV 80.6 MPH)
Batting: RHB Sean Tanner 0-0: Ball
1-0: SOLO HOME RUN (Flyball, 7LD, EV 93.8 MPH), Distance : 362 ft
Batting: RHB Chris McGrath 0-0: Called Strike
0-1: SINGLE (Groundball, 5D, EV 108.1 MPH)
Pitching: RHP Jesus Gallegos
Batting: RHB Dwane Reed 0-0: Called Strike
0-1: Ball
1-1: Called Strike
Chris McGrath steals 2nd base
1-2: Ball
2-2: 2-RUN HOME RUN (Flyball, 78XD, EV 109.4 MPH), Distance : 451 ft
Batting: RHB Daniel Rivera 0-0: Foul Ball, location: 2F
0-1: Ball
1-1: Foul Ball, location: 2F
1-2: Fly out, F8 (Flyball, 8LD, EV 76.2 MPH)
Bottom of the 8th over - 4 runs, 4 hits, 0 errors, 0 left on base; Cincinnati (NYP) 6 - Hillsboro 8
TOP OF THE 9TH
Cincinnati (NYP) Reds batting - Pitching for Hillsboro Hops : RHP Addick Huiberts
Pitching: LHP Jose Estrada
Now at 1B: Orlando Florez
Now at 3B: Dwane Reed
Now at SS: Jonathan Underhill
Batting: RHB Cyd Carver 0-0: Ball
1-0: Called Strike
1-1: Ball
2-1: SINGLE (Groundball, 6S, EV 71.9 MPH) (infield hit)
Batting: RHB Sang-ton Pak 0-0: Ball
1-0: Swinging Strike
1-1: Foul Ball, location: 2F
1-2: SINGLE (Groundball, 5S, EV 71.9 MPH) (infield hit)
Cyd Carver to second
Pinch Hitting: RHB Yasusaburo Kuwahara 0-0: Called Strike
0-1: Called Strike
0-2: Foul Ball, location: 2F
0-2: Ball
1-2: Strikes out looking
Pinch Hitting: SHB Tim Utz 0-0: Called Strike
Cyd Carver steals 3rd base
Sang-ton Pak to second
0-1: Ball
1-1: Called Strike
1-2: Ball
2-2: Ball
3-2: Base on Balls
Batting: SHB Kristian Kristensen 0-0: Swinging Strike
0-1: Foul Ball, location: 2F
0-2: Strikes out looking
Pinch Hitting: RHB John Galluzzo 0-0: Called Strike
0-1: Called Strike
0-2: Ball
1-2: Strikes out swinging
Top of the 9th over - 0 runs, 2 hits, 0 errors, 3 left on base; Cincinnati (NYP) 6 - Hillsboro 8
Thursday, December 15th , 2022 - OOTP Baseball 23.9 Build 102